 Dungeon Crawl Stone Soup version 0.24-a0-581-gc0fa660 (webtiles) character file.

Game seed: 9066078269250911041

628 DrEnzyme the Shooter (level 7, -7/56 HPs)
             Began as a Demigod Wanderer on Aug 24, 2019.
             Shot with an arrow by a centaur (13 damage)
             ... on level 5 of the Dungeon.
             The game lasted 00:15:01 (4483 turns).

DrEnzyme the Shooter (Demigod Wanderer)             Turns: 4483, Time: 00:15:01

Health: -7/56      AC:  5    Str: 16    XL:     7   Next: 3%
Magic:  10/10      EV: 12    Int: 15    God:
Gold:   107        SH:  0    Dex: 19    Spells: 6/6 levels left

rFire    . . .     SeeInvis .   a - +5 shortbow
rCold    . . .     Gourm    .   (shield currently unavailable)
rNeg     . . .     Faith    .   g - +0 ring mail
rPois    .         Spirit   .   (no helmet)
rElec    .         Reflect  .   (no cloak)
rCorr    .         Harm     .   (no gloves)
MR       .....                  (no boots)
Stlth    +.........             (no amulet)
HPRegen  0.18/turn              o - +1 ring of evasion
MPRegen  0.12/turn              (no ring)

@: no status effects
A: high mp 1
a: no special abilities


You were on level 5 of the Dungeon.
You were hungry.

You visited 1 branch of the dungeon, and saw 5 of its levels.
You also visited: Sewer.

You collected 188 gold pieces.
You spent 81 gold pieces at shops.

Inventory:

Hand Weapons
 a - a +5 shortbow (weapon)
 c - a +0 short sword
 k - a +0 club
Missiles
 b - 32 arrows (quivered)
 m - 4 javelins
 w - a throwing net
Armour
 e - a +0 robe
 g - a +0 ring mail (worn)
Jewellery
 o - a +1 ring of evasion (left hand)
Wands
 s - a wand of digging (2)
 y - a wand of paralysis (4)
Scrolls
 n - a scroll of fog
 q - a scroll of remove curse
 t - 2 scrolls of teleportation
 u - 2 scrolls of immolation
Potions
 d - a potion of curing
 h - 3 potions of mutation {unknown}
 i - a potion of cancellation {unknown}
 j - a potion of invisibility {unknown}
 l - a potion of haste {unknown}
 p - 4 potions of heal wounds
 r - a potion of resistance {unknown}
 v - a potion of ambrosia {unknown}
 x - a potion of degeneration {unknown}
 z - 2 potions of lignification {unknown}
Comestibles
 f - 8 rations


   Skills:
 + Level 2.3 Fighting
   Level 1.7 Staves
 + Level 6.0 Bows
 + Level 2.6 Armour
 + Level 1.7 Dodging
 + Level 1.6 Stealth
   Level 1.0 Shields
 * Level 1.5 Evocations


You had 6 spell levels left.
You didn't know any spells.
Your spell library was empty.

Dungeon Overview and Level Annotations

Branches:
Dungeon (5/15)              Sewer (visited)
 Temple: D:4-7

Shops:
D:4 *

Annotations:
D:2 Jessica, Terence
D:4 1 runed translucent door, Crazy Yiuf, Eustachio


Innate Abilities, Weirdness & Mutations

You have an increased reservoir of magic. (+10% MP)


Message History

Firing (i - inventory. (/) - cycle)
b - 35 arrows (quivered)
Press: ? - help, Shift-Dir - straight line, f/p - centaur
Aim: a centaur, wielding a +0 shortbow (severely wounded)
You shoot an arrow. The arrow barely misses the centaur.
The centaur shoots an arrow.
The arrow hits you!
You are too injured to fight recklessly!
Firing (i - inventory. (/) - cycle)
b - 34 arrows (quivered)
Press: ? - help, Shift-Dir - straight line, f/p - centaur
Aim: a centaur, wielding a +0 shortbow (severely wounded)
You shoot an arrow. The arrow hits the centaur.
The centaur is almost dead.
The centaur shoots an arrow.
The arrow hits you!
* * * LOW HITPOINT WARNING * * *
Firing (i - inventory. (/) - cycle)
b - 33 arrows (quivered)
Press: ? - help, Shift-Dir - straight line, f/p - centaur
Aim: a centaur, wielding a +0 shortbow (almost dead)
You shoot an arrow. The arrow hits the centaur.
The centaur is almost dead.
The centaur shoots an arrow.
The arrow hits you!
You die...

....# ##...##
#.....#.....#
.###........#
..####......# ..##
####..## ...# ##..##
...# ##..###########
...# ##............ ...#
##...@#.. ####
#.###....# #.# ...%$#
#.#........# ##
#..(........ .#####
#......c.... .....#
######......(....
.....###....##......(...
...####.'##'.#.#


You could see a centaur.

Vanquished Creatures
  An ogre (D:5)
  A phantom (D:4)
  A centaur (D:5)
  A scorpion (D:5)
  2 hounds (D:5)
  2 orc wizards (D:4)
  An iguana (D:3)
  A worker ant (D:4)
  A killer bee zombie (D:5)
  A hound zombie (D:5)
  2 adders
  4 gnolls (D:4)
  A howler monkey skeleton (D:4)
  A worm (D:4)
  3 leopard geckos
  3 orcs
  5 giant cockroaches
  6 goblins
  6 hobgoblins
  5 jackals (D:4)
  A quokka (D:3)
  A ball python (D:4)
  6 bats
  5 frilled lizards
  8 kobolds
  7 rats
76 creatures vanquished.

Notes
Turn   | Place    | Note
-------+----------+-------------------------------------------
     0 | D:1      | DrEnzyme the Demigod Wanderer began the quest for the Orb.
     0 | D:1      | DrEnzyme set off with the following items: a +2 shortbow,
                  | 21 arrows, a +0 short sword, a potion of curing, a +0 robe,
                  | a ration
     0 | D:1      | Reached XP level 1. HP: 16/16 MP: 3/3
   228 | D:1      | Reached skill level 2 in Bows
   459 | D:1      | Reached XP level 2. HP: 23/23 MP: 5/5
   707 | D:2      | Noticed Terence
  1121 | D:2      | Noticed Jessica
  1277 | D:2      | Reached XP level 3. HP: 28/28 MP: 6/6
  1710 | D:3      | Reached skill level 3 in Bows
  1977 | D:4      | Found a runed translucent door.
  2075 | D:4      | Found an ornate altar of the Wu Jian Council.
  2131 | D:4      | Reached XP level 4. HP: 35/36 MP: 7/7
  2724 | D:3      | Reached skill level 1 in Dodging
  2935 | D:4      | Found Xafotept's Assorted Antiques.
  2947 | D:4      | Bought a smoky orange potion for 27 gold pieces
  2947 | D:4      | Bought a glowing brown potion for 27 gold pieces
  2947 | D:4      | Bought a metallic green potion for 27 gold pieces
  2966 | D:4      | Reached skill level 4 in Bows
  2966 | D:4      | Reached XP level 5. HP: 41/41 MP: 8/8
  3045 | D:4      | Noticed Crazy Yiuf
  3165 | D:4      | Noticed a phantom
  3188 | D:4      | Killed a phantom
  3231 | D:4      | Found an iron altar of Okawaru.
  3269 | D:4      | Noticed Eustachio
  3326 | D:4      | Reached skill level 5 in Bows
  3541 | D:5      | Entered Level 5 of the Dungeon
  3545 | D:5      | Reached XP level 6. HP: 48/48 MP: 9/9
  3803 | D:5      | Found a glowing drain.
  3807 | Sewer    | Entered a sewer
  3881 | Sewer    | Noticed Purgy
  4088 | D:5      | Reached XP level 7. HP: 20/56 MP: 10/10
  4096 | D:5      | Reached skill level 6 in Bows
  4483 | D:5      | Shot with an arrow by a centaur

Levels and vault maps discovered:
D:1:      dpeg_arrival_radiant, layout_rooms
D:2:      layout_loops_ring, nicolae_overflow_crystal_walls, uniq_jessica,
          uniq_terence
D:3:      layout_basic
D:4:      layout_loops_ring, kennysheep_little_box, minmay_shop_grid_forest,
          okawaru_gym_becter, uniq_crazy_yiuf_cottage, uniq_eustachio,
          uniq_pikel
D:5:      layout_cave_pods, first_ration, gup_sewer_entry_bowl, uniq_duvessa

Skill      XL: |  1  2  3  4  5  6  7 |
---------------+----------------------+-----
Bows           | 2 3 4 5 6 |  6.0
Armour         | 2 |  2.6
Dodging        | 1 |  1.7
Fighting       | 2 |  2.3
Staves         | |  1.7
Stealth        | |  1.6
Shields        | |  1.0
Evocations     | |  1.5

Action                   |  1- 3 |  4- 6 |  7- 9 || total
-------------------------+-------+-------+-------++-------
 Fire: Shortbow          |   112 |   136 |    15 ||   263
Evoke: Wand              |       |     4 |       ||     4
  Use: Scroll            |     5 |     9 |       ||    14
  Eat: Chunk             |     1 |     2 |       ||     3
       Ration            |     1 |     1 |       ||     2
Armor: Ring mail         |    21 |    30 |     4 ||    55
Dodge: Dodged            |    24 |    57 |     3 ||    84

Table legend:
 A = Non-vault XP
 B = Vault XP
 C = Vault XP percentage of total XP
 D = Non-vault monster count
 E = Vault monster count
 F = Vault count percentage of total count
                 A         B        C        D         E       F
            +---------+---------+-------+---------+---------+-------
      Total |     882 |      16 |   1.8 |      67 |       9 |  11.8
            +---------+---------+-------+---------+---------+-------
        D:1 |      15 |       0 |   0.0 |      12 |       0 |   0.0
        D:2 |      44 |       0 |   0.0 |      21 |       0 |   0.0
        D:3 |      50 |       0 |   0.0 |       7 |       0 |   0.0
        D:4 |     321 |       0 |   0.0 |      18 |       0 |   0.0
        D:5 |     452 |       8 |   1.7 |       9 |       4 |  30.8
      Sewer |       0 |       8 | 100.0 |       0 |       5 | 100.0
            +---------+---------+-------+---------+---------+-------
